 Dungeon Crawl Stone Soup version 0.26.0-10-g1f06aea511 (webtiles) character file.

Game seed: 12492103462112663268

3618 inc the Covert (level 9, -3/34 HPs)
             Began as a Felid Enchanter on Feb 1, 2021.
             Was a Follower of Yredelemnul.
             Slain by a worker ant (8 damage)
             ... on level 10 of the Dungeon.
             The game lasted 00:19:35 (14028 turns).

inc the Covert (Felid Enchanter)                   Turns: 14028, Time: 00:19:35

Health: -3/34      AC:  2    Str:  4    XL:     9   Next: 86%
Magic:  13/13      EV: 27    Int: 16    God:    Yredelemnul [*.....]
Gold:   734        SH:  0    Dex: 20    Spells: 3/12 levels left
                                        Lives:  0   Deaths: 2

rFire    . . .     SeeInvis +     - Unarmed
rCold    . . .     Faith    .   (shield unavailable)
rNeg     . . .     Spirit   .   (armour unavailable)
rPois    .         Reflect  .   (helmet unavailable)
rElec    .         Harm     .   (cloak unavailable)
rCorr    .         Rampage  .   (gloves unavailable)
Will     +....                  (boots unavailable)
Stlth    ++++++....             (no amulet)
HPRegen  0.11/turn              (no ring)
MPRegen  0.13/turn              (no ring)

@: quick
A: very small, no armour, no weapons or thrown items, stealth, claws 1, fangs 3,
see invisible, speed 1, shaggy fur 2, sharp paws
a: Renounce Religion, Animate Remains


You were on level 10 of the Dungeon.
You worshipped Yredelemnul.
Yredelemnul was aware of your devotion.
You visited 2 branches of the dungeon, and saw 11 of its levels.
You also visited: Ossuary.

You collected 734 gold pieces.

Inventory:

Jewellery
 h - a +4 ring of protection {unknown}
 q - a +4 ring of protection {unknown}
 s - an uncursed amulet of guardian spirit {unknown}
 t - the ring of the Mage {Wiz Will++ Int+3}
   (You found it in an ossuary)

   [ring of wizardry]

   It improves your spell success rate.
   It affects your intelligence (+3).
   It affects your willpower, your defense against some magical effects.
Wands
 u - a wand of flame (9)
 y - a wand of digging (7)
 B - a wand of iceblast (11)
 G - a wand of random effects (15)
Scrolls
 a - 8 scrolls of teleportation
 b - 2 scrolls of enchant armour {unknown}
 c - 3 scrolls of amnesia {unknown}
 e - 12 scrolls of remove curse {unknown}
 j - 2 scrolls of fear {unknown}
 k - 4 scrolls of enchant weapon {unknown}
 l - 7 scrolls of identify
 o - 2 scrolls of noise {unknown}
 r - a scroll of fog {unknown}
 w - 3 scrolls of blinking {unknown}
 A - a scroll of torment {unknown}
 C - 3 scrolls of immolation {unknown}
 D - a scroll of acquirement {unknown}
 I - a scroll of magic mapping {unknown}
Potions
 d - 5 potions of curing
 f - 4 potions of cancellation {unknown}
 g - 3 potions of resistance {unknown}
 i - 3 potions of brilliance {unknown}
 m - 3 potions of berserk rage {unknown}
 n - a potion of degeneration {unknown}
 p - 2 potions of attraction {unknown}
 v - a potion of flight {unknown}
 x - 2 potions of haste {unknown}
 z - a potion of mutation {unknown}
 E - 3 potions of lignification {unknown}
 F - 2 potions of might {unknown}
 H - 2 potions of heal wounds


   Skills:
 - Level 10.4 Dodging
 - Level 11.5 Stealth
 - Level 5.3 Unarmed Combat
 - Level 2.0 Spellcasting
 - Level 9.6 Hexes
 - Level 5.3 Ice Magic
 + Level 3.1 Invocations


You had 3 spell levels left.
You knew the following spells:

 Your Spells              Type           Power        Failure   Level
a - Tukima's Dance        Hex            32%          1%          3
b - Ensorcelled Hibernat  Hex/Ice        50%          1%          2
c - Confusing Touch       Hex            32%          1%          3
j - Corona                Hex            35%          1%          1

Your spell library contained the following spells:

 Spells                   Type           Power        Failure   Level
 Slow                     Hex            32%          1%          2
 Dazzling Flash           Conj/Hex       34%          9%          3
 Inner Flame              Hex/Fire       17%          9%          3
 Magic Dart               Conj           4%           21%         1
 Searing Ray              Conj           2%           30%         2
 Cause Fear               Hex            16%          3%          4
 Fulminant Prism          Conj/Hex       8%           28%         4
 Leda's Liquefaction      Hex/Erth       8%           28%         4
 Iskenderun's Mystic Bla  Conj/Tloc      1%           90%         4
 Portal Projectile        Hex/Tloc       Unusable     N/A         3

Dungeon Overview and Level Annotations

Branches:
Dungeon (10/15)            Temple (1/1) D:7         Ossuary (visited)
   Lair: D:8-11         Orc: D:9-12

Altars:
Ashenzari
Cheibriados
Dithmenos
Elyvilon
Fedhas
Gozag
Hepliaklqana
Kikubaaqudgha
Makhleb
Nemelex Xobeh
Okawaru
Qazlal
Ru
Sif Muna
Trog
Uskayaw
Vehumet
Wu Jian
Xom
Yredelemnul
Zin
The Shining One


Innate Abilities, Weirdness & Mutations

You cannot wear armour.
You are incapable of wielding weapons or throwing items.
Your paws allow you to move quietly. (Stealth)
You have sharp claws.
You have razor-sharp teeth.
You have supernaturally acute eyesight. (SInv)
You cover ground quickly.
You are covered in thick fur. (AC +2)
Your sharp claws are effective at attacking unaware monsters.


Message History

A worker ant and a two-headed ogre come into view.
The two-headed ogre shouts in stereo!
You hear a bellow! x3
Found a scroll labelled GUOCOY YRGHEPS and a potion of curing.
Found a stone staircase leading down.
There is a stone staircase leading up here.
You climb upwards.
There is a stone staircase leading down here.
(D) Dungeon (T) Temple
Where to? (Enter - D:10, ? - help)
You climb downwards.
Your mindless thrall stays behind.
The worker ant misses you.
There is a stone staircase leading up here.
There are monsters nearby!
The worker ant closely misses you.
The two-headed ogre hits you with a +0 giant spiked club!!
Ouch! That really hurt!
* * * LOW HITPOINT WARNING * * *
The two-headed ogre closely misses you. The worker ant bites you!
You die...
Your body rises from the dead as a mindless zombie.

........#
........# .
........# ..
........# ...
........+ >S..
........# .....
..?....B#.....Y
#.@O......
#.......^.
#.##.!.... #.
...... ## .....
####.


You could see a death yak (wandering), a two-headed ogre, a water moccasin
(wandering) and a worker ant.

Vanquished Creatures
  A moth of wrath (D:5)
  Grinder (D:4)
  A hornet (D:8)
  A wraith (D:9)
  6 yaks (D:9)
  A water moccasin (D:8)
  Duvessa (D:4)
  A phantom (D:5)
  An orc warrior (D:6)
  A sky beast (D:8)
  An ice beast (D:7)
  2 black bears
  5 ogres
  An elf zombie (Ossuary)
  3 bullfrogs
  A gnoll sergeant (D:6)
  Dowan (D:4)
  6 scorpions
  2 water moccasin skeletons
  3 howler monkeys
  6 wights
  4 hounds
  A jelly (D:8)
  2 orc priests
  4 orc wizards
  6 worker ants
  5 big kobold zombies (Ossuary)
  3 hound zombies
  2 hound skeletons
  4 mummies (Ossuary)
  5 gnolls
  4 adders
  2 ufetubi
  2 oozes
  An adder zombie (D:8)
  An adder skeleton (D:6)
  A worm (D:5)
  2 dart slugs
  4 leopard geckos
  22 orcs
  3 ball pythons
  6 giant cockroaches
  2 gnoll zombies (Ossuary)
  9 goblins
  14 hobgoblins
  2 jackals (D:4)
  3 quokkas
  8 bats
  8 frilled lizards
  3 hobgoblin zombies (Ossuary)
  A jackal zombie (D:6)
  11 kobolds
  An orc zombie (Ossuary)
  7 rats
199 creatures vanquished.

Vanquished Creatures (collateral kills)
  3 wights (D:9)
3 creatures vanquished.

Vanquished Creatures (others)
  A dancing weapon (D:9)
1 creature vanquished.

Grand Total: 203 creatures vanquished

Notes
Turn   | Place    | Note
-------+----------+-------------------------------------------
     0 | D:1      | inc the Felid Enchanter began the quest for the Orb.
     0 | D:1      | Reached XP level 1. HP: 7/7 MP: 4/4
   711 | D:1      | Reached XP level 2. HP: 11/11 MP: 6/6
   925 | D:1      | Learned a level 2 spell: Ensorcelled Hibernation
  1571 | D:2      | Reached XP level 3. HP: 14/14 MP: 7/7
  2286 | D:3      | Reached XP level 4. HP: 9/18 MP: 3/8
  3213 | D:3      | Reached XP level 5. HP: 21/21 MP: 6/9
  3456 | D:3      | Reached skill level 5 in Unarmed Combat
  4290 | D:4      | Reached skill level 5 in Hexes
  4290 | D:4      | Reached skill level 1 in Ice Magic
  4466 | D:4      | Gained mutation: You are covered in thick fur. (AC +2)
                  | [Felid growth]
  4466 | D:4      | Reached XP level 6. HP: 24/24 MP: 10/10
  4546 | D:4      | Noticed Dowan
  4546 | D:4      | Noticed Duvessa
  4665 | D:4      | Killed Duvessa
  4670 | D:4      | Killed Dowan
  4979 | D:4      | Found a sand-covered staircase.
  4986 | Ossuary  | Entered an ossuary
  4995 | Ossuary  | Found the ring of the Mage {Wiz Will++ Int+3}
  5016 | Ossuary  | Learned a level 3 spell: Confusing Touch
  5091 | Ossuary  | Reached XP level 7. HP: 27/27 MP: 8/11
  5916 | D:4      | Found an iron altar of Okawaru.
  6111 | D:4      | Found an ornate altar of the Wu Jian Council.
  6121 | D:4      | Found a sacrificial altar of Ru.
  6351 | D:4      | Noticed Grinder
  6376 | D:4      | Killed Grinder
  6504 | D:5      | Entered Level 5 of the Dungeon
  6528 | D:5      | Reached XP level 8. HP: 31/31 MP: 5/12
  6985 | D:5      | Reached skill level 5 in Ice Magic
  7459 | D:5      | Noticed a moth of wrath
  7461 | D:5      | Found a bloodstained altar of Trog.
  7984 | D:5      | Found a blossoming altar of Fedhas.
  8465 | D:5      | Reached skill level 5 in Stealth
  8595 | D:5      | Slain by a moth of wrath
  8596 | D:5      | Reached XP level 7. HP: -4/40 MP: 4/11
  8774 | D:5      | Killed a moth of wrath
  8775 | D:5      | Reached skill level 5 in Dodging
  8775 | D:5      | Reached skill level 7 in Stealth
  8775 | D:5      | Reached XP level 8. HP: 16/31 MP: 9/12
  9682 | D:6      | Killed from afar by an orc wizard
  9683 | D:6      | Reached XP level 7. HP: -2/27 MP: 1/11
  9903 | D:7      | Reached skill level 8 in Stealth
 10107 | D:7      | Reached XP level 8. HP: 31/31 MP: 12/12
 10654 | D:7      | Found a staircase to the Ecumenical Temple.
 10669 | Temple   | Entered the Ecumenical Temple
 10735 | Temple   | Became a worshipper of Yredelemnul the Dark
 10974 | D:8      | Reached skill level 9 in Stealth
 11280 | D:8      | Found a radiant altar of Vehumet.
 11661 | D:8      | Reached skill level 10 in Stealth
 12170 | D:8      | Found a glowing golden altar of the Shining One.
 12293 | D:8      | Noticed a hornet
 12297 | D:8      | Killed a hornet
 12298 | D:8      | Reached XP level 9. HP: 34/34 MP: 13/13
 12389 | D:8      | Learned a level 3 spell: Tukima's Dance
 12815 | D:9      | Found an opulent altar of Gozag.
 12821 | D:9      | Found a stormy altar of Qazlal.
 12823 | D:9      | Found a hide-covered altar of Uskayaw.
 12853 | D:9      | Found a hazy altar of Hepliaklqana.
 12882 | D:9      | Found a broken altar of Ashenzari.
 12918 | D:9      | Reached * piety under Yredelemnul
 12928 | D:9      | Reached skill level 11 in Stealth
 13147 | D:9      | Reached skill level 10 in Dodging
 13384 | D:9      | Reached skill level 1 in Invocations
 14023 | D:10     | Entered Level 10 of the Dungeon
 14023 | D:10     | Noticed a two-headed ogre
 14028 | D:10     | Noticed a death yak
 14028 | D:10     | Slain by a worker ant

Illustrated notes

Levels and vault maps discovered:
D:1:      wander_arrival_lonely_grave, layout_basic,
          ebering_dispersal_statue_hall
D:2:      layout_loops_cross
D:3:      layout_basic
D:4:      layout_basic, okawaru_altar_gauntlet_db, minitemple,
          chequers_ossuary_entry_cave, st_stairs_12, uniq_duvessa, uniq_grinder
D:5:      layout_basic, tgw_trog, serial_bayou_pond_e, fedhas_altar_2
D:6:      layout_rooms
D:7:      layout_rooms, minmay_temple_entry_antechambers
D:8:      wad_crossroads, layout_basic, vehumet_altar_wand_db,
          kennysheep_little_box
D:9:      layout_rooms, minmay_overflow_temple_star_hex, serial_curves,
          eino_curves_03, eino_curves_01
D:10:     layout_basic, dpeg_lair_monsters
Temple:   jpeg_temple_clearing

Skill      XL: |  1  2  3  4  5  6  7  8  9 |
---------------+----------------------------+-----
Unarmed Combat | 2 3 4 5 |  5.3
Hexes          | 5 6 8 9 |  9.6
Ice Magic      | 1 3 4 5 |  5.3
Dodging        | 7 9 10 | 10.4
Stealth        | 8 10 11 | 11.5
Invocations    | 3 |  3.1
Spellcasting   | |  2.0

Action                   |  1- 3 |  4- 6 |  7- 9 || total
-------------------------+-------+-------+-------++-------
Melee: Unarmed           |    90 |    86 |   427 ||   603
       Bite              |     2 |     6 |    30 ||    38
       Punch             |     1 |       |     7 ||     8
 Cast: Corona            |     1 |       |       ||     1
       Ensorcelled Hiber |     8 |    36 |   113 ||   157
       Confusing Touch   |       |     1 |    36 ||    37
       Tukima's Dance    |       |       |     6 ||     6
Invok: Animate Remains   |       |       |     1 ||     1
Evoke: Wand              |       |       |     1 ||     1
  Use: Scroll            |       |     3 |       ||     3
       Potion            |       |     1 |     2 ||     3
 Stab: Sleeping          |    16 |    27 |    73 ||   116
       Confused          |       |     2 |    30 ||    32
Armor: Skin              |     2 |     5 |    26 ||    33
Dodge: Dodged            |    61 |    73 |   327 ||   461
